 Dungeon Crawl Stone Soup version 0.19.1 (webtiles) character file.

193 CanadianGator the Covered (level 5, -3/33 HPs)
             Began as a Gargoyle Fighter on Dec 13, 2016.
             Slain by Sigmund
             ... wielding a +0 scythe
              (7 damage)
             ... on level 3 of the Dungeon on Dec 14, 2016.
             The game lasted 00:05:14 (2082 turns).

CanadianGator the Covered (Gargoyle Fighter)        Turns: 2082, Time: 00:05:15

Health: -3/33      AC: 11    Str: 20    XL:     5   Next: 72%
Magic:  5/5        EV:  8    Int:  9    God:
Gold:   107        SH:  9    Dex:  9    Spells: 0 memorised, 4 levels left

rFire  . . .     SeeInvis .     e - +1 mace (venom)
rCold  . . .     Gourm    .     b - +0 scale mail
rNeg   + . .     Faith    .     c - +0 shield
rPois  ∞         Spirit   .     (no helmet)
rElec  +         Reflect  .     (no cloak)
rCorr  .         Harm     .     (no gloves)
MR     .....                    (no boots)
Stlth  ..........               (no amulet)
                                (no ring)
                                (no ring)

@: no status effects
A: negative energy resistance 1, electricity resistance, unbreathing,
petrification resistance, rot immunity, AC +4
a: no special abilities


You were on level 3 of the Dungeon.
You were very hungry.

You visited 1 branch of the dungeon, and saw 3 of its levels.

You collected 107 gold pieces.

Inventory:

Hand Weapons
 a - a +0 flail
 e - a +1 mace of venom (weapon)
Armour
 b - a +0 scale mail (worn)
 c - a +0 shield (worn)
Scrolls
 i - 3 scrolls of noise {unknown}
 m - a scroll of fear {unknown}
 n - 3 scrolls of teleportation {unknown}
 o - a scroll of random uselessness {unknown}
 p - 3 scrolls of immolation {unknown}
 q - a scroll of remove curse {unknown}
 r - 2 scrolls of identify {unknown}
Potions
 d - a potion of might
 g - 2 potions of curing {unknown}
 h - a potion of resistance {unknown}
 k - a potion of invisibility {unknown}
 l - a potion of lignification {unknown}
Comestibles
 f - 2 bread rations
 j - a meat ration


   Skills:
 + Level 4.1 Fighting
 * Level 3.3 Maces & Flails
 * Level 4.5 Armour
 + Level 1.4 Dodging
 + Level 3.8 Shields


You had 4 spell levels left.
You didn't know any spells.

Dungeon Overview and Level Annotations

Branches:
Dungeon (3/15)

Altars:
Gozag
Trog
Zin

Annotations:
D:3 Sigmund


Innate Abilities, Weirdness & Mutations

You are resistant to torment.
Your stone body is resilient. (AC +4)
You are immune to poison.
You resist negative energy. (rN+)
You are resistant to electric shocks. (rElec)
You can survive without breathing.
You are immune to petrification.
You are immune to rotting.


Message History

You barely miss something. Something hits you!
The ooze hits you but does no damage.
You sock something! The ooze barely misses you.
Something hits you but does no damage.
You closely miss something. The ooze barely misses you.
Something hits you but does no damage. The ooze hits you but does no damage.
You miss something. The ooze closely misses you.
Something hits you but does no damage.
Your shield prevents you from hitting something.
The ooze closely misses you. Something hits you but does no damage.
You hit something. You block the ooze's attack. The ooze barely misses you.
You closely miss something. Something hits you! You block the ooze's attack.
Your scale mail prevents you from hitting the ooze.
Something hits you.
* * * LOW HITPOINT WARNING * * *
The ooze hits you but does no damage.
You sock the ooze!
The ooze is almost dead.
The ooze hits you but does no damage. Something hits you!
You die...

#####
##########.....
.>...........##
##...........$##
#..............#
#..............#
#.......(......#
###.">..@{.<.....#
........J......).#
####............##
##...$......##
######....##
####.# #.# # #.# #
# #.## .


You could see an ooze.

Vanquished Creatures
  Natasha (thrice) (D:2)
  5 adders
  An ooze (D:2)
  2 worms (D:2)
  3 dart slugs
  3 leopard geckos
  An orc (D:3)
  3 bats (D:1)
  5 giant cockroaches
  7 goblins
  3 hobgoblins
  4 jackals
  3 frilled lizards
  10 kobolds
  6 rats
59 creatures vanquished.

Notes
Turn   | Place    | Note
-------+----------+-------------------------------------------
     0 | D:1      | CanadianGator the Gargoyle Fighter began the quest for the Orb.
     0 | D:1      | Reached XP level 1. HP: 14/14 MP: 1/1
   208 | D:1      | Reached XP level 2. HP: 19/19 MP: 2/2
   707 | D:1      | Reached XP level 3. HP: 23/23 MP: 3/3
   879 | D:2      | Noticed Natasha
   891 | D:2      | Killed Natasha
   893 | D:2      | Reached XP level 4. HP: 9/29 MP: 4/4
  1203 | D:2      | Reached skill level 1 in Dodging
  1346 | D:2      | Noticed Natasha
  1358 | D:2      | Killed Natasha
  1553 | D:2      | Noticed Natasha
  1557 | D:2      | Killed Natasha
  1557 | D:2      | Reached XP level 5. HP: 26/33 MP: 5/5
  1799 | D:3      | Found a glowing silver altar of Zin.
  1800 | D:3      | Found an opulent altar of Gozag.
  1843 | D:3      | Found a bloodstained altar of Trog.
  2059 | D:3      | Noticed Sigmund
  2082 | D:3      | Slain by Sigmund

Skill      XL: |  1  2  3  4 |
---------------+-------------+-----
Dodging        | 1 |  1.4
Armour         | 4 |  4.5
Maces & Flails | 3 |  3.3
Fighting       | 4 |  4.1
Shields        | |  3.8

Action                   |  1- 3 |  4- 6 || total
-------------------------+-------+-------++-------
Melee: Flail             |    22 |       ||    22
       Mace              |    52 |   121 ||   173
  Eat: Chunk             |       |     3 ||     3
Armor: Scale mail        |    42 |    77 ||   119
Dodge: Dodged            |    21 |    33 ||    54
Block: Shield            |    49 |    46 ||    95
